 Dungeon Crawl Stone Soup version 0.31.0-12-g77e489cdc1 (webtiles) character file.

Game seed: 9557186160563650497

5 ChrisAssaf the Sneak (level 1, -2/21 HPs)
             Began as a Human Enchanter on Feb 13, 2024.
             Frozen to death by an endoplasm (5 damage)
             ... on level 1 of the Dungeon.
             The game lasted 00:01:26 (266 turns).

ChrisAssaf the Sneak (Human Enchanter)               Turns: 266, Time: 00:01:27

Health: -2/21      AC:  2    Str:  8    XL:     1   Next: 80%
Magic:  1/3        EV: 12    Int: 15    God:
Gold:   18         SH:  0    Dex: 13    Spells: 3/4 levels left

rFire   . . .        a - +1 dagger
rCold   . . .        (no shield)
rNeg    . . .        b - +0 robe
rPois   .            (no helmet)
rElec   .            (no cloak)
rCorr   .            (no gloves)
SInv    .            (no boots)
Will    .....        (no amulet) Stlth
                     (no ring)
HPRegen 0.23/turn    (no ring)
MPRegen 0.08/turn

%: no passive effects
@: berserking, weak-willed, very slightly contaminated, very quick
A: explore regen
a: no special abilities


You were on level 1 of the Dungeon.
You visited 1 branch of the dungeon, and saw 1 of its levels.

You collected 18 gold pieces.

Inventory:

Hand Weapons
 a - a +1 dagger (weapon)
Armour
 b - a +0 robe (worn)
Potions
 c - a potion of invisibility


   Skills:
 * Level 0.6 Fighting
 * Level 1.0 Short Blades
 * Level 2.1 Dodging
 * Level 3.1 Stealth
 * Level 2.0 Spellcasting
 * Level 3.0 Hexes


You had 3 spell levels left.
You knew the following spells:

 Your Spells              Type           Power      Damage    Failure   Level
a - Summon Small Mammal   Summ           4%         N/A       22%         1

Your spell library contained the following spells:

 Spells                   Type           Power      Damage    Failure   Level
 Ensorcelled Hibernation  Hex/Ice        12%        N/A       19%         2
 Confusing Touch          Hex            10%        N/A       19%         3
 Tukima's Dance           Hex            10%        N/A       19%         3
 Apportation              Tloc           2%         N/A       22%         1
 Necrotise                Necr           4%         1d4       22%         1
 Sting                    Conj/Alch      4%         1d3       22%         1
 Dazzling Flash           Conj/Hex       12%        N/A       34%         3


Dungeon Overview and Level Annotations

Branches:
Dungeon (1/15)

Altars:


Innate Abilities, Weirdness & Mutations

You regain HP and MP as you explore.


Message History

You open the door.
An endoplasm comes into view.
There is an open door here.
The endoplasm quivers.
You hit the endoplasm but do no damage.
The endoplasm hits you but does no damage.
You hit the endoplasm but do no damage. The endoplasm freezes you.
You are frozen.
Casting: Summon Small Mammal (safe; 22% risk of failure)
Confirm with . or Enter, or press ? or * to list all spells.
The endoplasm freezes you.
You are frozen.
Casting: Summon Small Mammal (safe; 22% risk of failure)
Confirm with . or Enter, or press ? or * to list all spells.
You miscast Summon Small Mammal.
You are very lightly contaminated with residual magic.
Nothing appears to happen.
Your bat hits the endoplasm but does no damage.
The endoplasm freezes you.
You are frozen.
* * * LOW HITPOINT WARNING * * *
Your bat hits the endoplasm. You barely miss the endoplasm.
The endoplasm is lightly wounded.
Your bat hits the endoplasm. The endoplasm barely misses you.
You barely miss the endoplasm.
The endoplasm is moderately wounded.
You completely miss the endoplasm.
The endoplasm is moderately wounded.
Your bat hits the endoplasm but does no damage.
The endoplasm hits you.
* * * LOW HITPOINT WARNING * * *
Unknown command.
It was a potion of berserk rage.
A red film seems to cover your vision as you go berserk!
You feel yourself moving faster!
You feel mighty! The endoplasm freezes you.
You are frozen.
You die...

#............
#.####.......
#.####.......
#.##......... ########
#.##.##.##### #......#
#.#..#.......
#......####.####..#####
#....bJ+..#.......#....
##.....@##.######..#....
........##.........#....
....###.##.........#....
... ###'##.........#....
.. #.....###'####.#....
. #.....# #.# #.#....
#.....# #.# #.#####
#.....# #.# #.#####
#...... #.# #.##...


You could see an endoplasm (ally target) and a friendly bat (summoned).

Vanquished Creatures
  A ball python (D:1)
  A bat (D:1)
  2 rats (D:1)
4 creatures vanquished.

Vanquished Creatures (collateral kills)
  A hobgoblin (D:1)
  A ball python (D:1)
2 creatures vanquished.

Grand Total: 6 creatures vanquished

Notes
Turn   | Place    | Note
-------+----------+-------------------------------------------
     0 | D:1      | ChrisAssaf the Human Enchanter began the quest for the Orb.
     0 | D:1      | Reached XP level 1. HP: 13/13 MP: 3/3
     4 | D:1      | Learned a level 1 spell: Summon Small Mammal
   266 | D:1      | Frozen to death by an endoplasm

Illustrated notes

Levels and vault maps discovered:
D:1:      doesnt_arrival_eight_statues, layout_basic, minmay_bisected

Action                     || total
---------------------------++-------
  Melee: Dagger            ||    19
   Cast: Summon Small Mamm ||     4
    Use: Potion            ||     2
         Scroll            ||     1
   Stab: Invisible         ||     1
 Armour: Robe              ||    16
  Dodge: Dodged            ||    21
